 Dungeon Crawl Stone Soup version 0.20-a0-1124-g2e29d97 (webtiles) character file.

113598 nikopol the Archer (level 16, 0/103 HPs)
             Began as a Gargoyle Berserker on May 15, 2017.
             Was the Champion of Trog.
             Slain by a starspawn tentacle (2 damage)
             ... attached to a tentacled starspawn
             ... on level 2 of the Abyss on May 16, 2017.
             The game lasted 01:48:33 (33883 turns).

nikopol the Archer (Gargoyle Berserker)            Turns: 33883, Time: 01:48:34

Health: 0/103      AC: 27    Str: 22    XL:     16   Next: 63%
Magic:  5/5        EV: 13    Int:  9    God:    Trog [******]
Gold:   2477       SH:  0    Dex: 14    Spells: 15/15 levels left

rFire    + + .     SeeInvis .   a - +4 battleaxe (antimagic)
rCold    + + .     Gourm    +   (shield currently unavailable)
rNeg     + . .     Faith    .   U - +2 scale mail {rF+}
rPois    ∞         Spirit   .   k - +2 hat
rElec    +         Reflect  .   V - scarf {rC+ rF+}
rCorr    .         Harm     .   v - +0 pair of gloves
MR       +....                  M - +0 pair of boots
Stlth    ..........             A - amulet of the gourmand
Regen    0.3/turn               J - ring of protection from cold
MPRegen  0.1/turn               (no ring)

@: flying, constricted
A: big wings, negative energy resistance 1, electricity resistance, unbreathing,
petrification resistance, rot immunity, AC +11
a: Stop Flying, Berserk, Trog's Hand, Brothers in Arms, Burn Spellbooks,
Renounce Religion


You were on level 2 of the Abyss.
You worshipped Trog.
Trog was exalted by your worship.
You were very full.

You visited 3 branches of the dungeon, and saw 23 of its levels.
You visited the Abyss 1 time.
You also visited: Ice Cave.

You collected 2862 gold pieces.
You spent 385 gold pieces at shops.

Inventory:

Hand Weapons
 a - a +4 antimagic battleaxe (weapon)
 d - a +2 hand axe of chopping
 z - a +6 longbow of velocity
 F - a +2 antimagic executioner's axe
Missiles
 w - 415 arrows (quivered)
Armour
 k - a +2 hat (worn)
 v - a +0 pair of gloves (worn)
 M - a +0 pair of boots (worn)
 U - a +2 scale mail of fire resistance (worn)
 V - a scarf of resistance (worn)
Jewellery
 i - an uncursed ring of protection from fire {unknown}
 A - an amulet of the gourmand (around neck)
 J - a ring of protection from cold (left hand)
Wands
 m - a wand of random effects (31/48)
 q - a wand of paralysis (10/24)
 t - a wand of confusion (35/48)
 x - a wand of disintegration (12/24)
 H - a wand of digging (16/24)
 O - a wand of acid (6/15)
Scrolls
 b - 4 scrolls of remove curse
 g - a scroll of fear
 n - 4 scrolls of magic mapping
 p - 2 scrolls of brand weapon
 s - 12 scrolls of teleportation
 y - 3 scrolls of blinking
 E - 5 scrolls of enchant armour
 L - a scroll of silence {unknown}
 N - 2 scrolls of fog
 Q - 5 scrolls of identify
 R - a scroll of enchant weapon
Potions
 e - 3 potions of might
 h - 6 potions of curing
 j - 3 potions of ambrosia {unknown}
 o - 4 potions of agility {unknown}
 r - a potion of lignification {unknown}
 u - 2 potions of degeneration {unknown}
 B - 2 potions of mutation {unknown}
 C - 3 potions of brilliance {unknown}
 D - a potion of invisibility {unknown}
 G - 2 potions of haste {unknown}
 K - 5 potions of heal wounds
Comestibles
 c - 14 bread rations
 f - 12 fruits
 l - 20 royal jellies
 I - 14 meat rations


   Skills:
 + Level 12.9 Fighting
 * Level 14.4 Axes
 * Level 14.7 Bows
 + Level 12.5 Armour
 + Level 10.0 Dodging


You had 15 spell levels left.
You didn't know any spells.

Dungeon Overview and Level Annotations

Branches:
Dungeon (15/15)            Temple (0/1) D:6            Lair (6/6) D:11
 Shoals (0/4) Lair:4       Spider (0/4) Lair:4        Slime (0/5) Lair:6
    Orc (2/2) D:11            Elf (0/3) Orc:2        Vaults (0/5) D:13
 Depths: D:15

Altars:
Ashenzari
Cheibriados
Fedhas
Makhleb
Sif Muna
Trog
Wu Jian
Yredelemnul
The Shining One
Beogh
Jiyva

Shops:
D:8 :   Orc:2 !*(**


Innate Abilities, Weirdness & Mutations

You are resistant to torment.
Your stone body is resilient. (AC +11)
You are immune to poison.
Your large and strong wings let you fly indefinitely.
You resist negative energy. (rN+)
You are resistant to electric shocks. (rElec)
You can survive without breathing.
You are immune to petrification.
You are immune to rotting.


Message History

You slash the starspawn tentacle!
The tentacled starspawn barely misses you.
The tentacled starspawn engulfs you but does no damage.
The large abomination hits you.
The small abomination hits you but does no damage.
The starspawn tentacle grabs you. The starspawn tentacle constricts you.
You barely miss the tentacled starspawn.
The starspawn tentacle loses its grip on you.
The tentacled starspawn is severely damaged.
You slash the small abomination!
You destroy the small abomination!
Trog accepts your kill.
You slash the large abomination! You barely miss the starspawn tentacle.
The tentacled starspawn bites you!!
* * * LOW HITPOINT WARNING * * *
The tentacled starspawn engulfs you but does no damage.
The large abomination hits you!!
* * * LOW HITPOINT WARNING * * *
The starspawn tentacle grabs you.
You die...

.. . #..... ...
.....##.... .......
. . ...............
...........# ....#
. .........###(..##
. .
........#.....#..
...
.........w(.....#.
.
..........#..(..##.
..........###..(##
... ......?. .(.((#
..............
(...(.. .
..........( ...((..
.............
(......( .. .... ..
.#(...(#.. .. ## .
'


You could see a tentacled starspawn, a large abomination and 2 starspawn
tentacles.

Vanquished Creatures
  Gastronok (D:10)
  2 tentacled starspawn (Abyss:2)
  Frances (D:13)
  Kirke (D:13)
  An orc warlord (Orc:2)
  A draconian stormcaller (Abyss:2)
  Josephine (Lair:4)
  Erolcha (D:13)
  A rakshasa (Abyss:2)
  9 hydras
  An ice dragon (Lair:6)
  A centaur warrior (D:14)
  4 two-headed ogres
  An orc high priest (Orc:2)
  2 thrashing horrors (Abyss:2)
  Sonja (Lair:4)
  Urug (D:10)
  The ghost of esteth the Spear-Bearer, a novice FoAK of Lugonu (D:8)
  2 unseen horrors
  A sea snake (shapeshifter) (D:13)
  A deep troll (shapeshifter) (D:13)
  6 large abominations (Abyss:2)
  2 wizards (D:15)
  4 starcursed masses (Abyss:2)
  A shadow dragon zombie (Abyss:2)
  A necromancer (IceCv)
  2 lindwurms (Lair:6)
  A wolf spider zombie (D:12)
  6 orc sorcerers
  9 ugly things
  A wolf spider (Lair:4)
  2 manticores
  4 cyclopes
  Maurice (D:8)
  A worldbinder (Abyss:2)
  2 black mambas
  An ice statue (IceCv)
  16 elephants
  5 torpor snails (Lair:6)
  2 molten gargoyles (D:14)
  An orange demon (Abyss:2)
  2 centaur skeletons
  3 gargoyles
  A smoke demon (Abyss:2)
  3 kobold demonologists
  6 spiny frogs
  A freezing wraith (Abyss:2)
  6 komodo dragons
  A komodo dragon (shapeshifter) (D:13)
  7 ice devils (IceCv)
  A yaktaur (D:14)
  A tormentor (Abyss:2)
  2 rime drakes (Lair:6)
  2 ancient zymes (Abyss:2)
  A queen bee (D:14)
  3 meliai (D:13)
  3 tyrant leeches (Lair:6)
  3 jumping spiders (Lair:4)
  7 polar bears (Lair:6)
  8 trolls
  7 hornets (Lair:6)
  8 blink frogs
  3 raiju (Lair:6)
  7 slime creatures
  14 hippogriffs
  Sigmund (D:2)
  A shadow (D:14)
  A redback (Lair:4)
  7 wraiths
  A vampire (D:13)
  6 hogs (D:13)
  3 ynoxinuls (Abyss:2)
  38 yaks
  6 wyverns
  3 water elementals (D:15)
  A hungry ghost (Abyss:2)
  8 vampire mosquitoes
  2 basilisks
  7 wargs
  A chaos spawn (Abyss:2)
  A steam dragon (D:11)
  4 acid dragons
  Duvessa (D:6)
  12 hell hounds (Lair:6)
  18 water moccasins
  32 orc warriors
  12 porcupines
  An eye of draining (D:11)
  4 phantoms
  3 sky beasts
  3 ice beasts
  13 black bears
  2 necrophages
  13 centaurs
  11 ogres
  27 wolves
  16 crocodiles
  13 big kobolds
  18 bullfrogs
  Blork the orc (D:6)
  A gnoll sergeant (D:9)
  A water moccasin zombie (D:10)
  A wyvern zombie (D:12)
  A wyvern skeleton (D:10)
  5 scorpions
  Dowan (D:6)
  3 small abominations (Abyss:2)
  3 troll zombies (D:11)
  A water moccasin skeleton (D:5)
  50 killer bees
  12 wights
  9 howler monkeys
  3 centaur zombies
  An electric eel (Lair:2)
  7 crimson imps
  4 lava snakes (D:14)
  A bullfrog zombie (D:7)
  The ghost of Amnesiac the Chiller, a weakling DEIE (D:3)
  3 quasits
  A draconian simulacrum (IceCv)
  5 hounds
  46 orc wizards
  2 bullfrog skeletons
  24 orc priests
  4 jellies
  4 iguanas
  Terence (D:2)
  Natasha (thrice) (D:3 D:5)
  14 hell rats
  2 spriggan simulacra (IceCv)
  11 worker ants
  A centaur simulacrum (IceCv)
  3 ogre zombies (D:11)
  3 hound skeletons
  A howler monkey zombie (D:6)
  4 gnolls (D:9)
  17 adders
  3 naga simulacra (IceCv)
  3 ogre simulacra (IceCv)
  14 river rats
  6 shadow imps
  14 white imps
  An ooze (D:1)
  An adder zombie (D:7)
  3 worms
  2 dart slugs (D:1)
  9 leopard geckos
  129 orcs
  15 bats
  3 giant cockroaches
  8 hobgoblins
  6 jackals
  21 kobolds
  11 quokkas
  7 frilled lizards
  9 goblins
  A goblin skeleton (D:11)
  2 goblin zombies (D:11)
  A hobgoblin zombie (D:11)
  A leopard gecko skeleton (D:6)
  An orc skeleton (D:11)
  14 orc zombies (D:11)
  A quokka zombie (D:6)
  33 rats
  5 bushes
  2 fungi (Lair:6)
  9 plants
  A starspawn tentacle (Abyss:2)
1084 creatures vanquished.

Vanquished Creatures (collateral kills)
  An orc sorcerer (Orc:2)
  An ice statue (IceCv)
  An ice devil (IceCv)
  2 polar bears (Lair:6)
  4 black bears (Lair:6)
  2 orc warriors (Orc:2)
  4 orc priests (Orc:2)
  2 orc wizards (Orc:2)
17 creatures vanquished.

Vanquished Creatures (others)
  An orc wizard (Orc:2)
  24 fungi
  36 plants
  3 starspawn tentacles (Abyss:2)
64 creatures vanquished.

Grand Total: 1165 creatures vanquished

Notes
Turn   | Place    | Note
-------+----------+-------------------------------------------
     0 | D:1      | nikopol the Gargoyle Berserker began the quest for the Orb.
     0 | D:1      | Reached XP level 1. HP: 14/14 MP: 1/1
   146 | D:1      | Reached XP level 2. HP: 16/19 MP: 2/2
   340 | D:1      | Reached XP level 3. HP: 24/24 MP: 3/3
   408 | D:1      | Reached ** piety under Trog
   978 | D:2      | Noticed Terence
  1001 | D:2      | Killed Terence
  1001 | D:2      | Reached XP level 4. HP: 24/29 MP: 4/4
  1019 | D:2      | Found a snail-covered altar of Cheibriados.
  1209 | D:2      | Noticed Sigmund
  1226 | D:2      | Killed Sigmund
  1226 | D:2      | Reached XP level 5. HP: 29/34 MP: 5/5
  1226 | D:2      | Reached XP level 6. HP: 33/39 MP: 6/6
  1482 | D:2      | Found a basalt altar of Yredelemnul.
  1941 | D:3      | Found a burning altar of Makhleb.
  1979 | D:3      | Noticed Amnesiac's ghost (weakling DEIE)
  1986 | D:3      | Killed Amnesiac's ghost
  2263 | D:3      | Noticed an orc warrior
  2281 | D:3      | Killed an orc warrior
  2281 | D:3      | Reached skill level 5 in Fighting
  2283 | D:3      | Reached XP level 7. HP: 18/44 MP: 2/7
  2459 | D:3      | Noticed Natasha
  2465 | D:3      | Killed Natasha
  2718 | D:3      | Reached *** piety under Trog
  2975 | D:4      | Found a blossoming altar of Fedhas.
  3143 | D:4      | Found an ornate altar of the Wu Jian Council.
  3729 | D:4      | You fall through a shaft!
  3729 | D:5      | Entered Level 5 of the Dungeon
  3741 | D:5      | Reached skill level 1 in Bows
  3947 | D:5      | Reached XP level 8. HP: 44/51 MP: 8/8
  3971 | D:5      | Reached skill level 5 in Axes
  3993 | D:5      | Noticed Natasha
  4001 | D:5      | Killed Natasha
  4103 | D:5      | Noticed Natasha
  4105 | D:5      | Killed Natasha
  4105 | D:5      | Reached skill level 5 in Armour
  4666 | D:6      | Noticed Blork the orc
  4674 | D:6      | Killed Blork the orc
  4683 | D:6      | Noticed Dowan
  4703 | D:6      | Killed Dowan
  4715 | D:6      | Noticed Duvessa
  4731 | D:6      | Killed Duvessa
  4777 | D:6      | Reached **** piety under Trog
  4804 | D:6      | Found a staircase to the Ecumenical Temple.
  5066 | D:6      | Reached XP level 9. HP: 25/56 MP: 9/9
  5379 | D:6      | Found a bloodstained altar of Trog.
  6057 | D:7      | Received a gift from Trog
  6062 | D:7      | Reached skill level 5 in Bows
  6360 | D:7      | Reached skill level 5 in Dodging
  6783 | D:7      | Reached XP level 10. HP: 63/63 MP: 10/10
  7157 | D:8      | Found Begebruf's Book Shop.
  7299 | D:8      | Found a shattered altar of Ashenzari.
  7352 | D:8      | Noticed Maurice
  7363 | D:8      | Paralysed by something for 5 turns
  7390 | D:8      | Paralysed by something for 4 turns
  7396 | D:8      | Paralysed by something for 2 turns
  7403 | D:8      | Killed Maurice
  7420 | D:8      | Noticed esteth's ghost (novice FoAK)
  7561 | D:8      | Killed esteth's ghost
  7731 | D:8      | Found a deep blue altar of Sif Muna.
  7997 | D:8      | Found a glowing golden altar of the Shining One.
  8651 | D:9      | Received a gift from Trog
  9437 | D:9      | Reached ***** piety under Trog
  9690 | D:9      | Received a gift from Trog
  9735 | D:9      | Found a roughly hewn altar of Beogh.
  9780 | D:9      | Reached XP level 11. HP: 66/68 MP: 11/11
  9807 | D:9      | Noticed a two-headed ogre
  9814 | D:9      | Killed a two-headed ogre
 10113 | D:10     | Entered Level 10 of the Dungeon
 10516 | D:10     | Noticed Gastronok
 10574 | D:10     | Killed Gastronok
 10941 | D:10     | Noticed Urug
 10949 | D:10     | Killed Urug
 11508 | D:11     | Noticed a manticore
 11514 | D:11     | Killed a manticore
 11666 | D:11     | Reached XP level 12. HP: 53/76 MP: 12/12
 11787 | D:11     | Found a staircase to the Lair.
 11792 | D:11     | Noticed a two-headed ogre
 11803 | D:11     | Received a gift from Trog
 11806 | D:11     | Killed a two-headed ogre
 12218 | D:11     | Reached skill level 10 in Axes
 12253 | D:11     | Found a staircase to the Orcish Mines.
 12257 | D:11     | Received a gift from Trog
 12600 | D:11     | Received a gift from Trog
 13116 | Lair:1   | Entered Level 1 of the Lair of Beasts
 13646 | Lair:1   | Reached skill level 10 in Bows
 14162 | Lair:2   | Found a frozen archway.
 14201 | IceCv    | Entered an ice cave
 14252 | IceCv    | Received a gift from Trog
 15859 | Lair:2   | Reached XP level 13. HP: 82/82 MP: 13/13
 16294 | Lair:2   | Reached skill level 10 in Fighting
 16483 | Lair:2   | Received a gift from Trog
 16669 | Lair:2   | Reached skill level 10 in Armour
 18259 | Lair:4   | Found a staircase to the Shoals.
 18684 | Lair:4   | Noticed Sonja
 18687 | Lair:4   | Killed Sonja
 18963 | Lair:4   | Noticed Josephine
 18986 | Lair:4   | Killed Josephine
 18986 | Lair:4   | Reached ****** piety under Trog
 19073 | Lair:4   | Found a hole to the Spider Nest.
 19559 | Lair:4   | Received a gift from Trog
 19897 | Lair:5   | Received a gift from Trog
 20533 | Lair:6   | Entered Level 6 of the Lair of Beasts
 20617 | Lair:5   | Gained mutation: Your large and strong wings let you fly indefinitely. [Gargoyle growth]
 20617 | Lair:5   | Reached XP level 14. HP: 62/88 MP: 14/14
 21003 | Lair:6   | Found a deep blue altar of Sif Muna.
 21423 | Lair:6   | Received a gift from Trog
 22356 | Lair:6   | Found a runed door.
 23799 | Lair:6   | Received a gift from Trog
 24505 | Lair:6   | Found a staircase to the Slime Pits.
 24507 | Lair:6   | Found a viscous altar of Jiyva.
 24899 | Lair:6   | Reached XP level 15. HP: 96/96 MP: 15/15
 25110 | Lair:6   | Received a gift from Trog
 25421 | Orc:1    | Entered Level 1 of the Orcish Mines
 25991 | Orc:2    | Entered Level 2 of the Orcish Mines
 26047 | Orc:2    | Found a staircase to the Elven Halls.
 26427 | Orc:2    | Received a gift from Trog
 26639 | Orc:1    | Found a runed door.
 26803 | Orc:1    | Found a roughly hewn altar of Beogh.
 26890 | Orc:2    | Found Ateust's General Store.
 27029 | Orc:2    | Found a roughly hewn altar of Beogh.
 27208 | Orc:2    | Received a gift from Trog
 27493 | Orc:2    | Paralysed by an orc sorcerer for 7 turns
 27684 | Orc:2    | Found Kuhagrat's Weapon Emporium.
 27689 | Orc:2    | Found Qurug's General Store.
 27703 | Orc:2    | Found Nypnutt's Assorted Antiques.
 27759 | Orc:2    | Found Ycecuk's Distillery.
 27892 | Orc:2    | Noticed an orc warlord
 27913 | Orc:2    | Killed an orc warlord
 28236 | Orc:2    | Bought a potion of heal wounds for 65 gold pieces
 28236 | Orc:2    | Bought a potion of heal wounds for 65 gold pieces
 28237 | Orc:2    | Bought a potion of heal wounds for 170 gold pieces
 28377 | Orc:2    | Bought a potion of heal wounds for 85 gold pieces
 28718 | D:12     | Received a gift from Trog
 29269 | D:12     | Received a gift from Trog
 29589 | D:13     | Noticed Frances
 29606 | D:13     | Killed Frances
 30012 | D:13     | Noticed Kirke
 30280 | D:13     | Killed Kirke
 30353 | D:13     | Found a gate to the Vaults.
 31222 | D:13     | Noticed Erolcha
 31235 | D:13     | Killed Erolcha
 31623 | D:13     | Received a gift from Trog
 31812 | D:14     | Reached XP level 16. HP: 34/103 MP: 5/16
 32757 | D:14     | Received a gift from Trog
 33106 | D:15     | Entered Level 15 of the Dungeon
 33565 | D:15     | Cast into level 2 of the Abyss (a wizard)
 33629 | Abyss:2  | Noticed a tentacled starspawn
 33639 | Abyss:2  | Killed a tentacled starspawn
 33841 | Abyss:2  | Received a gift from Trog
 33850 | Abyss:2  | Reached skill level 10 in Dodging
 33855 | Abyss:2  | Noticed a tentacled starspawn
 33862 | Abyss:2  | Killed a tentacled starspawn
 33877 | Abyss:2  | Noticed a tentacled starspawn
 33883 | Abyss:2  | HP: 2/103 [large abomination (20)]
 33883 | Abyss:2  | Slain by a starspawn tentacle

Vault maps used:
D:1:      dpeg_arrival_three_same_balls
D:2:      lemuel_doored_altar, overflow_temple_1_default, serial_curves,
          eino_curves_01, eino_curves_02, chequers_big_river, uniq_sigmund,
          uniq_terence
D:3:      old_standard_altar, first_bread, uniq_natasha
D:4:      fedhas_bush_and_centaur_altar, kennysheep_little_box
D:6:      trog_ov_bears_minmay, nicolae_overflow_hidden_temple,
          temple_fountains, uniq_duvessa, uniq_blork_the_orc
D:8:      led_sif_pool, marbit_many_paths, ashenzari_conservatory_becter,
          serial_shops, nicolae_shop_stone, uniq_maurice
D:9:      minivault_27, roderic_batcave
D:10:     uniq_urug, uniq_gastronok
D:11:     minmay_lair_entry_grove, zombieorc1_lemuel
D:13:     david_vaults_2, uniq_frances, uniq_kirke, uniq_erolcha
D:14:     kennysheep_boxes, david_nohive_1
D:15:     grunt_enter_depths_magical_seal, serial_shops, shop,
          nicolae_shop_temple_entry_statues_fountains, shop,
          nicolae_tso_carved_into_rock, uniq_louise
Lair:1:   kennysheep_abandoned_house
Lair:2:   lemuel_ratsnest, portal_ice_cave_entry_imps, fungi_pond_lemuel,
          serial_bayou_crossing
Lair:3:   st_stairs_13, grunt_megastairs_2
Lair:4:   shoals_dummy_entry, spider_nest_entry_funnel_web,
          eino_small_chamber_without_monster, uniq_josephine, uniq_sonja
Lair:5:   infiniplex_staircase_pool, grunt_megastairs_3
Lair:6:   wormcave, hangedman_lair_caniforms_friends, slime_altar_1, basic_altar
Orc:1:    lightli_church_of_beogh
Orc:2:    st_orc_mages, special_room, serial_shops, shop, basic_altar
IceCv:    ice_cave_tombish

Skill      XL: |  1  2  3  4  5  6  7  8  9 10 11 12 13 14 15 16 |
---------------+-------------------------------------------------+-----
Axes           | 3 4 6 8 9 10 11 12 13 14 | 14.4
Dodging        | 2 3 4 5 6 7 8 9 10 | 10.0
Fighting       | 4 5 6 7 8 9 10 11 12 | 12.9
Armour         | 3 4 5 6 7 8 9 10 11 12 | 12.5
Bows           | 1 3 6 7 9 10 11 13 14 | 14.7

Action                   |  1- 3 |  4- 6 |  7- 9 | 10-12 | 13-15 | 16-18 || total
-------------------------+-------+-------+-------+-------+-------+-------++-------
Melee: Hand axe          |   122 |   128 |   430 |   911 |  1162 |       ||  2753
       Battleaxe         |       |       |       |       |   247 |   261 ||   508
       Unarmed           |       |       |       |       |     3 |       ||     3
 Fire: Shortbow          |       |       |   178 |   184 |       |       ||   362
       Longbow           |       |       |       |   244 |   832 |   226 ||  1302
Invok: Berserk           |       |     3 |     3 |    10 |    11 |     1 ||    28
       Trog's Hand       |       |       |     4 |       |     1 |     2 ||     7
       Burn Spellbooks   |       |       |       |     2 |     2 |     1 ||     5
       Brothers in Arms  |       |       |       |     1 |     2 |       ||     3
 Abil: Fly               |       |       |       |       |     1 |       ||     1
  Use: Scroll            |       |     1 |    12 |     8 |     9 |       ||    30
       Potion            |       |       |       |     1 |     2 |       ||     3
  Eat: Chunk             |       |     7 |    35 |    37 |    64 |     8 ||   151
Armor: Animal skin       |     9 |       |       |       |       |       ||     9
       Ring mail         |     7 |       |       |       |       |       ||     7
       Scale mail        |    28 |    72 |   308 |   441 |   893 |   144 ||  1886
Dodge: Dodged            |    80 |    65 |   250 |   515 |  1074 |   271 ||  2255
